 Dungeon Crawl Stone Soup version 0.22.0-38-g04b72b8 (webtiles) character file.

1209 brik the Cutter (level 8, -1/57 HPs)
             Began as a Purple Draconian Conjurer on Aug 28, 2018.
             Was a Follower of Nemelex Xobeh.
             Slain by an ice beast (9 damage)
             ... on level 5 of the Dungeon.
             The game lasted 00:20:47 (5319 turns).

brik the Cutter (Purple Draconian Conjurer)         Turns: 5319, Time: 00:20:47

Health: -1/57      AC:  9    Str: 11    XL:     8   Next: 22%
Magic:  0/11       EV: 16    Int: 16    God:    Nemelex Xobeh [*.....]
Gold:   300        SH:  0    Dex: 13    Spells: 5/11 levels left

rFire    . . .     SeeInvis .   e - +1 dagger
rCold    . . .     Gourm    +   (no shield)
rNeg     . . .     Faith    .   (armour unavailable)
rPois    .         Spirit   .   (helmet restricted)
rElec    .         Reflect  .   a - +2 cloak
rCorr    .         Harm     .   (no gloves)
MR       ++...                  (no boots)
Stlth    ++........             t - amulet of the gourmand
HPRegen  0.19/turn              u - ring of protection from magic
MPRegen  0.12/turn              c - +4 ring of evasion

@: no status effects
A: breathe power, unfitting armour, cold-blooded, AC +6
a: Breathe Dispelling Energy, Renounce Religion


You were on level 5 of the Dungeon.
You worshipped Nemelex Xobeh.
Nemelex Xobeh was aware of your devotion.
You were not hungry.

You visited 1 branch of the dungeon, and saw 5 of its levels.
You also visited: Ossuary.

You collected 300 gold pieces.

Inventory:

Hand Weapons
 e - a +1 dagger (weapon)
 i - a +2 quarterstaff of chaos
 E - a +0 rapier
Missiles
 o - 4 javelins (quivered)
Armour
 a - a +2 cloak (worn)
Jewellery
 c - a +4 ring of evasion (right hand)
 d - an uncursed ring of poison resistance
 k - an uncursed ring of flight
 t - an amulet of the gourmand (around neck)
 u - a ring of protection from magic (left hand)
Scrolls
 g - 5 scrolls of identify
 l - 2 scrolls of amnesia
 m - 7 scrolls of teleportation {unknown}
 n - 3 scrolls of remove curse
 r - a scroll of random uselessness {unknown}
 y - a scroll of vulnerability {unknown}
 A - a scroll of blinking
 B - a scroll of magic mapping {unknown}
Potions
 f - 4 potions of heal wounds
 j - 3 potions of flight {unknown}
 q - 2 potions of haste {unknown}
 s - 2 potions of curing {unknown}
 v - 2 potions of brilliance {unknown}
 w - a potion of might {unknown}
 x - a potion of mutation {unknown}
 z - 2 potions of agility {unknown}
 C - a potion of resistance {unknown}
 D - a potion of lignification {unknown}
Comestibles
 b - 6 rations


   Skills:
 + Level 7.2 Short Blades
 - Level 2.1 Dodging
 - Level 3.0 Stealth
 - Level 2.4 Spellcasting
 + Level 7.1 Conjurations


You had 5 spell levels left.
You knew the following spells:

 Your Spells              Type           Power        Failure   Level  Hunger
a - Magic Dart            Conj           ###.         1%          1    #......
b - Searing Ray           Conj           ###...       1%          2    ###....
c - Dazzling Spray        Conj/Hex       ##....       14%         3    ###....

Your spell library contained the following spells:

 Spells                   Type           Power        Failure   Level  Hunger
 Iskenderun's Mystic Bla  Conj           ###.....     11%         4    #####..
 Stone Arrow              Conj/Erth      ##....       14%         3    ###....
 Sandblast                Erth           #.....       21%         1    #......
 Passwall                 Tmut/Erth      #.......     30%         2    ###....
 Force Lance              Conj/Tloc      ##......     41%         4    #####..
 Fulminant Prism          Conj/Hex       ##........   41%         4    #####..
 Petrify                  Tmut/Erth      #.......     89%         4    #####..
 Lee's Rapid Deconstruct  Erth           #.........   99%         5    ######.


Dungeon Overview and Level Annotations

Branches:
Dungeon (5/15)             Temple (0/1) D:4

Altars:
Nemelex Xobeh
Uskayaw
The Shining One

Annotations:
D:4 3 runed doors, BryzzWind's ghost, amateur NaWr; EnegeticOcto's ghost, novice HOFi


Innate Abilities, Weirdness & Mutations

You can breathe bolts of dispelling energy.
Your rich purple scales are hard. (AC +6)
You cannot fit into any form of body armour.
You are cold-blooded and may be slowed by cold attacks.


Message History

Beogh smites you!
* * * LOW HITPOINT WARNING * * *
The ice beast hits you but does no damage.
You hit the orc priest.
The orc priest is almost dead.
The orc priest closely misses you.
The ice beast hits you but does no damage.
You hit the orc priest.
You kill the orc priest!
You hit the ice beast but do no damage.
You tail-slap the ice beast, but do no damage.
The ice beast is severely wounded.
The ice beast completely misses you.
You closely miss the ice beast.
The ice beast is severely wounded.
The ice beast hits you.
* * * LOW HITPOINT WARNING * * *
The ice beast freezes you!
You die...
Your body disappears without a glow.

#...........................
#.....########+####....#####
#..##.###...##.####....#####
#..#8.8##...............#≈≈≈
#.......................#≈♣.
#..#8.8#.......<........'.._
#..##.###..##..###...#..#≈♣.
####..#######..##########≈≈≈
#..........@#......## ####
#.........)Y#...o#..#
#...........))).##.o.#
#...####...######.Y...#
#...######### ...♣.o..
#...........# .c)!...)).§
#...........# <...###...<.
#...........#...## ##...
#...........#### ###


You could see an ice beast.

Vanquished Creatures
  A wraith (Ossuary)
  An ice beast (D:5)
  2 ogres
  A phantom (D:5)
  A centaur (D:5)
  A scorpion (D:5)
  2 crimson imps (D:5)
  A hound (D:4)
  A centaur skeleton (D:5)
  An orc priest (D:5)
  3 orc wizards
  Crazy Yiuf (D:2)
  2 iguanas
  A worker ant (D:5)
  A hound skeleton (D:4)
  A mummy (Ossuary)
  A howler monkey skeleton (D:2)
  2 gnolls (D:4)
  3 adders
  An ooze (D:1)
  3 worms
  5 dart slugs
  2 leopard geckos
  4 orcs
  2 giant cockroaches
  5 goblins
  5 hobgoblins
  7 jackals
  2 kobolds
  2 quokkas
  4 bats
  3 frilled lizards
  4 gnoll skeletons (Ossuary)
  5 kobold skeletons (Ossuary)
  2 orc skeletons (Ossuary)
  5 rats
88 creatures vanquished.

Vanquished Creatures (collateral kills)
  A phantom (D:4)
  An iguana (D:4)
  A gnoll (D:4)
  An adder skeleton (D:4)
  An orc (D:4)
  3 gnoll skeletons (Ossuary)
  A jackal skeleton (D:4)
  A kobold skeleton (Ossuary)
  3 orc skeletons (Ossuary)
13 creatures vanquished.

Vanquished Creatures (others)
  A ball lightning (Ossuary)
  4 withered plants (D:4)
5 creatures vanquished.

Grand Total: 106 creatures vanquished

Notes
Turn   | Place    | Note
-------+----------+-------------------------------------------
     0 | D:1      | brik the Draconian Conjurer began the quest for the Orb.
     0 | D:1      | Reached XP level 1. HP: 14/14 MP: 3/3
   235 | D:1      | Reached XP level 2. HP: 20/20 MP: 0/5
   243 | D:1      | Learned a level 2 spell: Searing Ray
   649 | D:1      | Reached XP level 3. HP: 26/26 MP: 6/6
   856 | D:1      | Reached skill level 1 in Short Blades
  1176 | D:2      | Found a glowing golden altar of the Shining One.
  2051 | D:2      | Reached XP level 4. HP: 33/33 MP: 7/7
  2304 | D:2      | Found a runed door.
  2309 | D:2      | Noticed Crazy Yiuf
  2315 | D:2      | Killed Crazy Yiuf
  2763 | D:3      | Found a sparkling altar of Nemelex Xobeh.
  2840 | D:3      | Became a worshipper of Nemelex Xobeh the Trickster
  3074 | D:3      | Received a gift from Nemelex Xobeh
  3227 | D:3      | Reached XP level 5. HP: 8/38 MP: 1/8
  3493 | D:4      | Noticed a phantom
  3508 | D:4      | Killed a phantom
  3526 | D:4      | Noticed a wyvern
  3695 | D:4      | Found a runed gate.
  3695 | D:4      | Found a runed gate.
  3695 | D:4      | Found a runed gate.
  3695 | D:4      | Noticed BryzzWind's ghost (amateur NaWr)
  3695 | D:4      | Noticed EnegeticOcto's ghost (novice HOFi)
  3744 | D:4      | Reached XP level 6. HP: 25/45 MP: 3/9
  3749 | D:4      | Learned a level 3 spell: Dazzling Spray
  3960 | D:4      | Found a staircase to the Ecumenical Temple.
  4181 | D:4      | Reached skill level 5 in Short Blades
  4229 | D:4      | Reached skill level 5 in Conjurations
  4310 | D:4      | Received a gift from Nemelex Xobeh
  4338 | D:5      | Entered Level 5 of the Dungeon
  4355 | D:5      | Your scales start taking on a rich purple colour.
  4355 | D:5      | Reached XP level 7. HP: 50/50 MP: 2/10
  4428 | D:5      | Reached * piety under Nemelex Xobeh
  4429 | D:5      | Found a sand-covered staircase.
  4494 | Ossuary  | Entered an ossuary
  4494 | Ossuary  | Noticed a wraith
  4494 | Ossuary  | Noticed a wraith
  4494 | Ossuary  | Noticed a wraith
  4584 | Ossuary  | Noticed a wraith
  4590 | Ossuary  | Killed a wraith
  5035 | D:5      | Reached XP level 8. HP: 57/57 MP: 2/11
  5202 | D:5      | Found a hide-covered altar of Uskayaw.
  5319 | D:5      | Slain by an ice beast

Skill      XL: |  1  2  3  4  5  6  7  8 |
---------------+-------------------------+-----
Dodging        | 2 |  2.1
Stealth        | 2 3 |  3.0
Short Blades   | 1 3 4 5 6 7 |  7.2
Conjurations   | 5 6 7 |  7.1
Spellcasting   | |  2.4

Action                   |  1- 3 |  4- 6 |  7- 9 || total
-------------------------+-------+-------+-------++-------
Melee: Unarmed           |    19 |       |       ||    19
       Tailslap          |    20 |    15 |    16 ||    51
       Dagger            |   105 |   141 |   122 ||   368
       Quarterstaff      |       |     4 |       ||     4
 Cast: Magic Dart        |    36 |    28 |    23 ||    87
       Searing Ray       |       |     7 |     6 ||    13
Evoke: Deck              |       |     6 |     4 ||    10
       Wand              |       |       |     9 ||     9
  Use: Scroll            |     1 |     6 |       ||     7
 Stab: Sleeping          |     1 |     6 |       ||     7
       Distracted        |       |     1 |       ||     1
  Eat: Chunk             |     3 |     6 |     2 ||    11
       Ration            |       |     1 |     1 ||     2
Armor: Skin              |    13 |    32 |    38 ||    83
Dodge: Dodged            |    90 |   131 |    75 ||   296
